 Dungeon Crawl Stone Soup version 0.29-a0-925-g0a7a3d12f8 (webtiles) character file.

Game seed: 6759727963401142631

2699 inmateoo the Cleaver (level 9, -8/79 HPs)
             Began as a Minotaur Fighter on July 28, 2022.
             Was an Initiate of Gozag.
             Mangled by a nine-headed hydra (13 damage)
             ... on level 7 of the Dungeon.
             The game lasted 00:05:00 (6307 turns).

inmateoo the Cleaver (Minotaur Fighter)             Turns: 6307, Time: 00:05:00

Health: -8/79      AC: 17    Str: 21    XL:     9   Next: 38%
Magic:  8/8        EV:  8    Int:  7    God:    Gozag
Gold:   1419       SH: 11    Dex: 14    Spells: 8/8 levels left

rFire   + . .      SeeInvis +   s - +11 whip "Heocw" {drain, +Blink rN++ Int+2}
rCold   + . .      Faith    .   c - +0 buckler
rNeg    + + .      Spirit   .   B - +2 plate armour {rC+}
rPois   .          Reflect  +   (helmet restricted)
rElec   .          Harm     .   j - +0 cloak
rCorr   .          Rampage  .   (no gloves)
Will    .....                   C - +0 pair of boots {Fly}
Stlth   ..........              e - amulet of reflection
HPRegen 0.23/turn               o - ring of protection from fire
MPRegen 0.11/turn               m - ring of see invisible

@: about to teleport, flying
A: horns 2, retaliatory headbutt
a: Renounce Religion, Evoke Blink, Potion Petition, Call Merchant, Bribe Branch


You were on level 7 of the Dungeon.
You worshipped Gozag.
Gozag was most pleased with you.
You visited 1 branch of the dungeon, and saw 7 of its levels.
You also visited: Bailey.

You collected 1483 gold pieces.
You paid 64 gold pieces to Gozag.

Inventory:

Hand Weapons
 a - a +1 war axe
 s - the +11 whip "Heocw" (weapon) {drain, +Blink rN++ Int+2}
   (You found it on level 4 of the Dungeon)

   A truly terrible weapon, it drains the life of any living foe it strikes.
   Int:       It affects your intelligence (+2).
   rN:        It greatly protects you from negative energy.
   +Blink:    It lets you blink.
 v - the +9 hand axe of Gumoxiq {vorpal, Dex+2}
   (You found it on level 7 of the Dungeon)

   It inflicts extra damage upon your enemies.
   Dex:       It affects your dexterity (+2).
 A - a +0 broad axe
Missiles
 w - 22 boomerangs (quivered)
Armour
 c - a +0 buckler (worn)
 j - a +0 cloak (worn)
 p - a +0 chain mail of fire resistance
 B - a +2 plate armour of cold resistance (worn)
 C - a +0 pair of boots of flying (worn)
Jewellery
 e - an amulet of reflection (around neck)
 m - a ring of see invisible (right hand)
 o - a ring of protection from fire (left hand)
 z - a ring of flight
Wands
 i - a wand of roots (18)
 q - a wand of charming (6)
 r - a wand of polymorph (8)
Scrolls
 b - a scroll of blinking {unknown}
 h - 2 scrolls of teleportation
 x - 2 scrolls of amnesia
 y - a scroll of enchant armour {unknown}
 E - a scroll of brand weapon {unknown}
Potions
 d - 5 potions of might
 f - 2 potions of lignification
 g - 4 potions of curing
 k - 2 potions of heal wounds
 l - 3 potions of brilliance
 n - a potion of magic
 t - 4 potions of flight
 u - a potion of haste
 D - a potion of resistance {unknown}


   Skills:
 + Level 7.3 Fighting
 * Level 9.4 Axes
 + Level 7.2 Armour
 + Level 5.5 Dodging
 + Level 7.2 Shields


You had 8 spell levels left.
You didn't know any spells.
Your spell library contained the following spells:

 Spells                   Type           Power      Damage    Failure   Level
 Sandblast                Erth           0%         2d4       100%        1
 Ensorcelled Hibernation  Hex/Ice        0%         N/A       100%        2
 Passwall                 Tmut/Erth      0%         N/A       100%        2
 Static Discharge         Conj/Air       0%         3-3/arc   100%        2
 Spider Form              Tmut/Pois      0%         N/A       100%        3
 Stone Arrow              Conj/Erth      0%         3d7       100%        3
 Swiftness                Air            0%         N/A       100%        3
 Airstrike                Air            0%         0-1+      100%        4
 Anguish                  Hex/Necr       0%         N/A       100%        4
 Dispel Undead            Necr           0%         3d6       100%        4
 Sticky Flame             Conj/Fire      0%         2d3       100%        4
 Summon Lightning Spire   Summ/Air       0%         N/A       100%        4
 Lightning Bolt           Conj/Air       0%         1d11      100%        5


Dungeon Overview and Level Annotations

Branches:
Dungeon (7/15)             Temple (0/1) D:5          Bailey (visited)

Altars:
Ashenzari
Cheibriados
Dithmenos
Gozag
Kikubaaqudgha
Nemelex Xobeh
Trog
Wu Jian
Zin


Innate Abilities, Weirdness & Mutations

You have a pair of horns on your head.
You reflexively headbutt those who attack you in melee.


Message History

No target in view!
Found a dagger.
No target in view!
You now have 1419 gold pieces (gained 13).
An eight-headed hydra comes into view.
The eight-headed hydra roars!
An eight-headed hydra is nearby!
An eight-headed hydra is nearby!
An eight-headed hydra is nearby!
You hack one of the eight-headed hydra's heads off!
The seven-headed hydra grows two more!
You slash the nine-headed hydra!
The nine-headed hydra is moderately wounded.
You block the nine-headed hydra's attack.
The nine-headed hydra bites you!
You block the nine-headed hydra's attack.
The nine-headed hydra bites you. The nine-headed hydra bites you! x3
The nine-headed hydra bites you but does no damage.
You block the nine-headed hydra's attack.
Unknown command.
You feel clever.
You sense an unholy aura.
s - the +11 whip "Heocw" (weapon)
{drain, +Blink rN++ Int+2}
As you read the scroll of teleportation, it crumbles to dust.
You feel strangely unstable.
The nine-headed hydra bites you but does no damage.
You block the nine-headed hydra's attack. x2
The nine-headed hydra bites you! The nine-headed hydra bites you.
* * * LOW HITPOINT WARNING * * *
You block the nine-headed hydra's attack.
The nine-headed hydra bites you!
* * * LOW HITPOINT WARNING * * *
The nine-headed hydra bites you.
* * * LOW HITPOINT WARNING * * *
The nine-headed hydra bites you.
* * * LOW HITPOINT WARNING * * *
The nine-headed hydra attacks as you move away!
You block the nine-headed hydra's attack.
The nine-headed hydra bites you!
You die...
Your body crumbles into a pile of gold.

#......# ..... #......###
......##........##
.......#....$.....#
...............[...#
...................#
#..................#
#....^.....D..####
##..........@.##..###########
..............#....#.........
##......#..##_.⌠.##.#######
##....##).##.....#..###...
##..###..###....##.#...##
#..# #..# #8...'....### #..#
#..###....#...##♣
#..###..##.....##..#
##.....#.##_.⌠.###.##


You could see a nine-headed hydra.

Vanquished Creatures
  Pikel (D:4)
  2 water moccasins
  6 orc warriors
  A sky beast (D:6)
  4 ogres
  A lemure (D:4)
  A kobold brigand (D:7)
  A bullfrog (D:7)
  3 scorpions
  A howler monkey (D:4)
  A hound (D:6)
  5 jellies
  2 orc priests
  3 iguanas
  7 orc wizards
  Robin (D:2)
  3 gnolls (Bailey)
  4 adders
  A worm (D:2)
  A dart slug (D:4)
  29 orcs
  8 endoplasms
  2 giant cockroaches
  19 goblins
  13 hobgoblins
  7 jackals
  6 quokkas
  7 ball pythons
  4 bats
  A frilled lizard (D:1)
  29 kobolds
  2 rats (D:1)
176 creatures vanquished.

Vanquished Creatures (others)
  A kobold (D:3)
1 creature vanquished.

Grand Total: 177 creatures vanquished

Notes
Turn   | Place    | Note
-------+----------+-------------------------------------------
     0 | D:1      | inmateoo the Minotaur Fighter began the quest for the Orb.
     0 | D:1      | Reached XP level 1. HP: 19/19 MP: 0/0
   249 | D:1      | Reached XP level 2. HP: 24/27 MP: 1/1
   293 | D:1      | Found a faded altar of an unknown god.
   507 | D:1      | Reached skill level 3 in Axes
   693 | D:1      | Reached skill level 1 in Dodging
  1029 | D:2      | Reached XP level 3. HP: 33/33 MP: 2/2
  1048 | D:2      | Found a sparkling altar of Nemelex Xobeh.
  1283 | D:2      | Noticed Robin
  1299 | D:2      | Killed Robin
  1300 | D:2      | Reached XP level 4. HP: 30/40 MP: 3/3
  1827 | D:3      | Found a glowing silver altar of Zin.
  1888 | D:3      | Reached skill level 4 in Axes
  1946 | D:3      | Found a broken altar of Ashenzari.
  2059 | D:4      | Noticed a scorpion
  2064 | D:4      | Reached XP level 5. HP: 47/47 MP: 4/4
  2317 | D:4      | Found a snail-covered altar of Cheibriados.
  2334 | D:4      | Reached XP level 6. HP: 53/53 MP: 5/5
  2338 | D:4      | Reached skill level 5 in Axes
  2502 | D:4      | Found an opulent altar of Gozag.
  2595 | D:4      | Became a worshipper of Gozag Ym Sagoz the Greedy
  2865 | D:4      | Noticed Pikel
  2890 | D:4      | Killed Pikel
  2891 | D:4      | Reached skill level 5 in Fighting
  2891 | D:4      | Reached skill level 6 in Axes
  2891 | D:4      | Reached skill level 5 in Armour
  2891 | D:4      | Reached skill level 5 in Shields
  2891 | D:4      | Reached XP level 7. HP: 5/61 MP: 6/6
  3276 | D:4      | Identified the +11 whip "Heocw" {drain, +Blink rN++ Int+2}
  3698 | D:5      | Entered Level 5 of the Dungeon
  3825 | D:5      | Found a staircase to the Ecumenical Temple.
  3836 | D:5      | Reached XP level 8. HP: 51/70 MP: 7/7
  3940 | D:5      | Reached skill level 7 in Axes
  4021 | D:5      | Found a bloodstained altar of Trog.
  4480 | D:6      | Reached skill level 8 in Axes
  4800 | D:6      | Found an ornate altar of the Wu Jian Council.
  5048 | D:7      | Found a flagged portal.
  5057 | D:7      | Identified the +9 hand axe of Gumoxiq {vorpal, Dex+2}
  5078 | Bailey   | Entered a bailey
  5124 | Bailey   | Reached skill level 5 in Dodging
  5134 | Bailey   | Reached XP level 9. HP: 76/78 MP: 8/8
  5276 | Bailey   | Reached skill level 9 in Axes
  6000 | D:7      | Found an ancient bone altar of Kikubaaqudgha.
  6001 | D:7      | Found a shadowy altar of Dithmenos.
  6171 | D:7      | Identified the +9 dagger of Guilt {drain, Contam Drain
                  | Int+8 Dex+6}
  6299 | D:7      | Noticed an eight-headed hydra
  6307 | D:7      | Mangled by a nine-headed hydra

Illustrated notes

Levels and vault maps discovered:
D:1:      minmay_arrival_plants_in_alcoves, layout_loops_corners,
          basic_ecumenical_altar, minmay_surrounded
D:2:      layout_basic, basic_altar, minmay_bisected, uniq_robin
D:3:      layout_rooms, mainiacjoe_overflow_six_doors_small,
          mainiacjoe_overflow_paths, kennysheep_generic_room_14
D:4:      layout_cave_pods, nicolae_gozag_cash_rules_everything_around_me,
          minmay_ruined_shrine, uniq_pikel
D:5:      layout_cave_pools, mainiacjoe_overflow_alcove_1,
          minmay_temple_entry_butterflies, hangedman_decor_growths,
          minmay_stone_trees_large, minmay_misc_feat_five,
          minmay_tree_intersection
D:6:      layout_loops_ring, general_overflow_altar,
          nicolae_elevator_lobby_asterisk
D:7:      cheibrodos_iron_armory, layout_cave_pods,
          gammafunk_temple_overflow_pools, enter_bailey_2

Skill      XL: |  1  2  3  4  5  6  7  8  9 |
---------------+----------------------------+-----
Axes           | 3 4 6 8 9 |  9.4
Dodging        | 1 2 3 5 |  5.5
Fighting       | 4 5 6 7 |  7.3
Armour         | 4 5 6 7 |  7.2
Shields        | 4 5 6 7 |  7.2

Action                   |  1- 3 |  4- 6 |  7- 9 || total
-------------------------+-------+-------+-------++-------
Melee: War axe           |    88 |   108 |     1 ||   197
       Headbutt          |    15 |    16 |    30 ||    61
       Whip              |       |       |    67 ||    67
       Hand axe          |       |       |   105 ||   105
Throw: Boomerang         |       |       |     9 ||     9
  Use: Scroll            |       |    12 |     7 ||    19
       Potion            |       |     3 |       ||     3
 Stab: Invisible         |       |     2 |       ||     2
Armor: Scale mail        |    41 |    22 |       ||    63
       Chain mail        |       |    34 |    29 ||    63
       Plate armour      |       |       |     8 ||     8
Dodge: Dodged            |    34 |    47 |    44 ||   125
Block: Buckler           |    58 |    69 |    67 ||   194
       Reflection        |     1 |     2 |     9 ||    12

Table legend: (Time is in decaauts)
 A = Elapsed time spent in this place.
 B = Non-inter-level travel time spent in this place.
 C = Inter-level travel time spent in this place.
 D = Time resting spent in this place.
 E = Time spent auto-exploring this place.
 F = Levels seen in this place.
 G = Mean time per level.
                   A        B        C        D        E       F      G
               +--------+--------+--------+--------+--------+-----+--------+
         Total |   6366 |   6047 |    319 |   1017 |   3883 |   8 |  795.8 |
       Dungeon |   5726 |   5407 |    319 |    812 |   3726 |   7 |  818.0 |
        Bailey |    640 |    640 |      0 |    205 |    157 |   1 |  640.0 |
               +--------+--------+--------+--------+--------+-----+--------+

Top non-repeatable levels by time:
     D:4: 1446 daAuts
     D:1: 1048 daAuts
     D:6: 733 daAuts
     D:3: 699 daAuts
     D:7: 669 daAuts
  Bailey: 640 daAuts
     D:2: 573 daAuts
     D:5: 556 daAuts
